 Dungeon Crawl Stone Soup version 0.29-a0-613-gf2c431b9b9 (webtiles) character file.

Game seed: 2775207235902049979

1208 Patoropollo the Schismatic (level 8, -3/62 HPs)
             Began as a Demonspawn Abyssal Knight on June 17, 2022.
             Was an Elder of Lugonu.
             Slain by a killer bee (4 damage)
             ... on level 6 of the Dungeon.
             The game lasted 00:10:18 (6670 turns).

Patoropollo the Schismatic (DsAK)                   Turns: 6670, Time: 00:10:18

Health: -3/62      AC: 17    Str: 14    XL:     8   Next: 21%
Magic:  12/12      EV: 13    Int: 12    God:    Lugonu [****..]
Gold:   373        SH:  4    Dex: 13    Spells: 7/7 levels left

rFire   + . .      SeeInvis .   g - +1 rapier
rCold   . . .      Faith    .   (no shield)
rNeg    . . .      Spirit   .   b - +1 leather armour
rPois   .          Reflect  .   e - +2 helmet
rElec   .          Harm     .   w - +0 cloak
rCorr   .          Rampage  .   t - +0 pair of gloves
Will    .....                   x - +0 pair of boots
Stlth   +.........              B - amulet of regeneration
HPRegen 1.00/turn               a - ring of protection from fire
MPRegen 0.13/turn               (no ring)

@: lethally poisoned (-3 -> -19), sanguine armoured
A: claws 2, powered by pain 2, sanguine armour 1, condensation shield, clumsy 1,
wild magic 1
a: Renounce Religion, Depart the Abyss, Bend Space, Banish, Corrupt


You were on level 6 of the Dungeon.
You worshipped Lugonu.
Lugonu was greatly pleased with you.
You visited 2 branches of the dungeon, and saw 8 of its levels.
You visited the Abyss 1 time.

You collected 373 gold pieces.

Inventory:

Hand Weapons
 g - a +1 rapier (weapon)
Missiles
 o - a throwing net
Armour
 b - a +1 leather armour (worn)
 e - a +2 helmet (worn)
 t - a +0 pair of gloves (worn)
 w - a +0 cloak (worn)
 x - a +0 pair of boots (worn)
Jewellery
 a - a ring of protection from fire (left hand)
 f - an amulet of magic regeneration
 n - a ring of poison resistance
 B - an amulet of regeneration (around neck)
Wands
 i - a wand of quicksilver (6)
 y - a wand of flame (26)
Scrolls
 d - 2 scrolls of blinking {unknown}
 k - a scroll of amnesia
 l - 4 scrolls of immolation
 m - a scroll of fog {unknown}
 q - 4 scrolls of teleportation
 s - a scroll of magic mapping {unknown}
 A - a scroll of silence {unknown}
Potions
 c - 2 potions of degeneration
 h - 2 potions of curing
 j - 2 potions of ambrosia
 r - 2 potions of magic
 z - a potion of flight


   Skills:
 + Level 5.3 Fighting
 + Level 4.3 Short Blades
 + Level 4.3 Armour
 + Level 4.0 Dodging
 + Level 6.1 Invocations


You had 7 spell levels left.
You didn't know any spells.
Your spell library contained the following spells:

 Spells                   Type           Power      Damage    Failure   Level
 Foxfire                  Conj/Fire      0%         2x1d4     47%         1
 Sandblast                Erth           0%         2d4       47%         1
 Shock                    Conj/Air       0%         1d3       47%         1
 Passwall                 Tmut/Erth      0%         N/A       61%         2
 Conjure Flame            Conj/Fire      0%         6-21      83%         3
 Inner Flame              Hex/Fire       0%         N/A       83%         3
 Stone Arrow              Conj/Erth      0%         3d7       83%         3
 Swiftness                Air            0%         N/A       83%         3
 Airstrike                Air            0%         N/A       99%         4
 Flame Wave               Conj/Fire      0%         2d4       99%         4


Dungeon Overview and Level Annotations

Branches:
Dungeon (7/15)             Temple (1/1) D:6

Altars:
Ashenzari
Dithmenos
Elyvilon
Fedhas
Gozag
Hepliaklqana
Kikubaaqudgha
Nemelex Xobeh
Okawaru
Qazlal
Ru
Sif Muna
Trog
Uskayaw
Vehumet
Wu Jian
Xom
Yredelemnul
Zin
The Shining One

Shops:
D:3 [[**(   D:5 [


Innate Abilities, Weirdness & Mutations

You have very sharp fingernails.
You sometimes gain power by taking damage.
When seriously injured, your blood forms armour. (AC +6)
A meltable shield of frost defends you. (SH +4)
You are clumsy. (Dex -2)
Your spells are a little harder to cast, but a little more powerful.


Message History

The killer bee closely misses you.
The killer bee stings you but does no damage. x2
The killer bee stings you.
You are more poisoned.
The killer bee poisons you!
The killer bee stings you but does no damage.
The killer bee closely misses you.
The killer bee stings you but does no damage.
You block the killer bee's attack.
You closely miss the killer bee.
The killer bee is heavily wounded.
You feel very sick.
The killer bee stings you but does no damage. x2
The killer bee stings you.
* * * LOW HITPOINT WARNING * * *
You are lethally poisoned!
The killer bee poisons you! You block the killer bee's attack.
The killer bee misses you.
The killer bee stings you but does no damage.
The killer bee closely misses you. The killer bee barely misses you.
You hit the killer bee.
The killer bee is severely wounded.
* * * LOW HITPOINT WARNING * * *
You feel very sick. You block the killer bee's attack.
The killer bee misses you.
The killer bee stings you but does no damage.
The killer bee closely misses you. The killer bee barely misses you.
The killer bee stings you but does no damage.
The killer bee barely misses you. x2
You hit the killer bee.
The killer bee is severely wounded.
* * * LOW HITPOINT WARNING * * *
You feel very sick. The killer bee barely misses you.
The killer bee stings you.
* * * LOW HITPOINT WARNING * * *
You are more poisoned.
The killer bee poisons you! The killer bee closely misses you.
The killer bee misses you. The killer bee closely misses you. x2
The killer bee barely misses you. The killer bee stings you.
You die...

#..........# ########
#..........#
#......#####..........#
#.....[.)....[.........
#......#####.......<..#
#######.# ############
#......[# #
#.....yy################
#.....y@y............[.'
#################.######
#.#### # #....# ####.#
#.# #.# #.# #.#


You could see 4 killer bees.

Vanquished Creatures
  A water moccasin (D:6)
  2 black bears (D:6)
  A sky beast (D:6)
  2 ogres
  2 bullfrogs (D:6)
  2 scorpions
  2 hounds
  3 orc wizards
  4 iguanas
  12 adders
  A dart slug (D:2)
  8 orcs
  5 ball pythons
  7 bats
  12 endoplasms
  3 giant cockroaches
  4 goblins
  5 hobgoblins
  2 jackals (D:1)
  A quokka (D:3)
  3 frilled lizards
  6 kobolds
  7 rats
  A spectral orc (D:6)
96 creatures vanquished.

Vanquished Creatures (others)
  4 plants (D:2)
4 creatures vanquished.

Grand Total: 100 creatures vanquished

Notes
Turn   | Place    | Note
-------+----------+-------------------------------------------
     0 | Abyss:1  | Patoropollo the Demonspawn Abyssal Knight began the quest
                  | for the Orb.
     0 | Abyss:1  | Reached XP level 1. HP: 18/18 MP: 2/2
    13 | D:1      | Escaped the Abyss
    71 | D:1      | Reached skill level 1 in Dodging
   336 | D:1      | Gained mutation: A meltable shield of frost defends you.
                  | (SH +4) [demonic ancestry]
   336 | D:1      | Reached XP level 2. HP: 24/24 MP: 4/4
  1047 | D:1      | Found a faded altar of an unknown god.
  1145 | D:1      | Identified the -2 pair of gloves of Fitomocey {+Blink rF+
                  | rC- rN++}
  1375 | D:2      | Reached XP level 3. HP: 25/29 MP: 5/5
  1461 | D:2      | Reached skill level 3 in Invocations
  1549 | D:2      | You fall into a shaft and drop 1 floor!
  1549 | D:3      | Found Arhiqar's Armour Shop.
  1553 | D:3      | Found Juthruime's Antique Armour Shoppe.
  1573 | D:3      | Found Faimoon's General Store.
  1725 | D:2      | Reached *** piety under Lugonu
  1901 | D:2      | Gained mutation: You sometimes gain a little power by
                  | taking damage. [demonic ancestry]
  1901 | D:2      | Reached XP level 4. HP: 29/35 MP: 6/6
  2097 | D:2      | Noticed a scorpion
  2112 | D:2      | Killed a scorpion
  2620 | D:3      | Gained mutation: You have sharp fingernails. [demonic
                  | ancestry]
  2620 | D:3      | Reached XP level 5. HP: 42/42 MP: 7/7
  2662 | D:3      | Found Holej's General Store.
  2730 | D:3      | Found Domumis's Antique Weapon Shop.
  2926 | D:3      | Found a sacrificial altar of Ru.
  3489 | D:4      | Reached skill level 4 in Invocations
  3601 | D:4      | Noticed an ogre
  3611 | D:4      | Killed an ogre
  3612 | D:4      | Gained mutation: You sometimes gain power by taking damage.
                  | [demonic ancestry]
  3612 | D:4      | Reached XP level 6. HP: 11/48 MP: 9/9
  4127 | D:5      | Entered Level 5 of the Dungeon
  4613 | D:5      | Found Koudgh's Antique Armour Emporium.
  4847 | D:5      | Gained mutation: When seriously injured, your blood forms
                  | armour. (AC +6) [demonic ancestry]
  4847 | D:5      | Reached XP level 7. HP: 9/55 MP: 10/10
  5274 | D:5      | Reached skill level 5 in Invocations
  5467 | D:5      | Found an ancient bone altar of Kikubaaqudgha.
  5628 | D:6      | Found a bloodstained altar of Trog.
  5871 | D:6      | Gained mutation: You are clumsy. (Dex -2) [potion of
                  | mutation]
  5871 | D:6      | Gained mutation: Your spells are a little harder to cast,
                  | but a little more powerful. [potion of mutation]
  5892 | D:6      | Reached skill level 5 in Fighting
  5912 | D:6      | Reached **** piety under Lugonu
  5918 | D:6      | Found a hazy altar of Hepliaklqana.
  5919 | D:6      | Found a shimmering altar of Xom.
  5920 | D:6      | Noticed a spectral ugly thing
  5978 | D:6      | Gained mutation: You have very sharp fingernails. [demonic
                  | ancestry]
  5978 | D:6      | Reached XP level 8. HP: 39/62 MP: 12/12
  6076 | D:6      | Reached skill level 6 in Invocations
  6165 | D:6      | Found a basalt altar of Yredelemnul.
  6259 | D:6      | Identified the +0 pair of boots of Jikhlo Utwao {Rampage
                  | rN+ Str-4}
  6319 | D:6      | Found a staircase to the Ecumenical Temple.
  6334 | Temple   | Entered the Ecumenical Temple
  6670 | D:6      | HP: 1/62 [killer bee (4)]
  6670 | D:6      | Slain by a killer bee

Illustrated notes

Levels and vault maps discovered:
D:1:      onia_arrival_pentagram, layout_basic,
          hellmonk_ecumenical_altar_lost_god
D:2:      layout_loops_cross, serial_forest, infiniplex_forest_clump_medium,
          infiniplex_forest_lined_2, infiniplex_forest_lined_3_way,
          infiniplex_forest_clump_small, infiniplex_forest_clump_large,
          infiniplex_forest_zigzag_1, kennysheep_generic_room_3
D:3:      layout_basic, hangedman_ru_absence, serial_shops,
          nicolae_shop_crystal, nicolae_shop_overgrown_old_shop,
          nicolae_shop_advertising_works [nicolae_subvault_shop_adworks],
          nicolae_shop_temple_entry_statues_fountains, shop
D:4:      layout_loops_ring
D:5:      layout_loops_ring, mainiacjoe_overflow_alcove_1, lemuel_round_altar,
          serial_shops, shop_statue, minmay_fountain_box
D:6:      layout_basic, regret_index_temple_of_mockery,
          mainiacjoe_overflow_cross_hatched,
          yredelemnul_forgotten_temple_becter,
          minmay_temple_entry_statues_pillars
D:7:      layout_cave_pools, slow_altar_2, serial_shops,
          nicolae_shop_behind_doors, minmay_between, uniq_crazy_yiuf_cottage,
          uniq_joseph
Temple:   oiseaux_autumnal_temple

Skill      XL: |  1  2  3  4  5  6  7  8 |
---------------+-------------------------+-----
Dodging        | 1 2 3 4 |  4.0
Short Blades   | 2 3 4 |  4.3
Armour         | 2 3 4 |  4.3
Invocations    | 3 4 5 6 |  6.1
Fighting       | 4 5 |  5.3

Action                   |  1- 3 |  4- 6 |  7- 9 || total
-------------------------+-------+-------+-------++-------
Melee: Short sword       |    40 |       |       ||    40
       Rapier            |    78 |   178 |   131 ||   387
       Punch             |       |     4 |     2 ||     6
Invok: Bend Space        |     1 |       |       ||     1
  Use: Potion            |     1 |     1 |     8 ||    10
       Scroll            |       |     6 |     3 ||     9
 Stab: Sleeping          |     1 |     4 |       ||     5
Armor: Leather armour    |    38 |    46 |   104 ||   188
Dodge: Dodged            |    64 |    80 |   137 ||   281
Block: Other             |    26 |    26 |    37 ||    89

Table legend: (Time is in decaauts)
 A = Elapsed time spent in this place.
 B = Non-inter-level travel time spent in this place.
 C = Inter-level travel time spent in this place.
 D = Time resting spent in this place.
 E = Time spent auto-exploring this place.
 F = Levels seen in this place.
 G = Mean time per level.
                   A        B        C        D        E       F      G
               +--------+--------+--------+--------+--------+-----+--------+
         Total |   6692 |   6419 |    273 |      0 |   5439 |   9 |  743.6 |
       Dungeon |   6388 |   6148 |    240 |      0 |   5191 |   7 |  912.6 |
        Temple |    291 |    258 |     33 |      0 |    244 |   1 |  291.0 |
         Abyss |     13 |     13 |      0 |      0 |      4 |   1 |   13.0 |
               +--------+--------+--------+--------+--------+-----+--------+

Top non-repeatable levels by time:
     D:5: 1483 daAuts
     D:1: 1315 daAuts
     D:2: 1179 daAuts
     D:4: 956 daAuts
     D:6: 773 daAuts
     D:3: 674 daAuts
  Temple: 291 daAuts
 Abyss:1: 13 daAuts
     D:7: 4 daAuts
